SL
ROCKY MOUNTAIN NUGGETS @ ATLANTA SMOKE
06/19/2018
 
TOP OF THE 1ST
Rocky Mountain Nuggets batting - Pitching for Atlanta Smoke : RHP Christian Pitts
Pitching: RHP Christian Pitts
Batting: RHB Clement Fields 0-0: Ball
1-0: Called Strike
1-1: Called Strike
1-2: Strikes out swinging
Batting: SHB Charles Waller 0-0: Fly out, F8 (Flyball, 8RM)
Batting: RHB Juan Ávila 0-0: Called Strike
0-1: Ball
1-1: Called Strike
1-2: Ball
2-2: Fly out, F9 (Flyball, 9M)
Top of the 1st over - 0 run(s), 0 hit(s), 0 error(s), 0 left on base; Rocky Mountain 0 - Atlanta 0
BOTTOM OF THE 1ST
Atlanta Smoke batting - Pitching for Rocky Mountain Nuggets : LHP Tommy Blevins
Pitching: LHP Tommy Blevins
Batting: LHB Mike Blue 0-0: Called Strike
0-1: Ball
1-1: SINGLE (Line Drive, 56)
Batting: RHB Chris Smith 0-0: Ball
1-0: Called Strike
1-1: Ground out 6-3 (Groundball, 6MS)
Mike Blue to second
Batting: RHB Nathan Horton 0-0: SINGLE (Groundball, 4MD) (infield hit)
Mike Blue to third
Batting: LHB Roberto Rodríguez 0-0: Foul Ball, location: 2F
0-1: Called Strike
0-2: Strikes out looking
Batting: RHB Nate Cates 0-0: Ball
1-0: Ball
2-0: Ball
3-0: Base on Balls
Nathan Horton to second
Pitching: LHP Ryan Miller
Batting: LHB Armando Esparza 0-0: Foul Ball, location: 2F
0-1: Ball
1-1: SINGLE (Line Drive, 3D)
Mike Blue scores
Nathan Horton to third
Nate Cates to second
Runner from 3rd tries for Home, SAFE, no throw or cutoff
Batting: RHB Mal Bussard 0-0: Ground out 4-3 (Groundball, 13)
Bottom of the 1st over - 2 run(s), 3 hit(s), 0 error(s), 2 left on base; Rocky Mountain 0 - Atlanta 2
TOP OF THE 2ND
Rocky Mountain Nuggets batting - Pitching for Atlanta Smoke : RHP Christian Pitts
Batting: RHB David Verhoeve 0-0: Foul Ball, location: 2F
0-1: Ball
1-1: Ground out 5-3 (Groundball, 5S)
Batting: LHB Alfredo Pérez 0-0: Foul Ball, location: 2F
0-1: Ball
1-1: Ball
2-1: Ball
3-1: Called Strike
3-2: Base on Balls
Batting: RHB Charles Jordan 0-0: Ball
1-0: Swinging Strike
1-1: Ball
2-1: Ball
3-1: Foul Ball, location: 2F
3-2: Foul Ball, location: 2F
3-2: Foul Ball, location: 2F
3-2: Strikes out swinging
Batting: RHB Luis Miguel Rojas 0-0: Foul Ball, location: 2F
0-1: Foul Ball, location: 2F
0-2: Strikes out swinging
Top of the 2nd over - 0 run(s), 0 hit(s), 0 error(s), 1 left on base; Rocky Mountain 0 - Atlanta 2
BOTTOM OF THE 2ND
Atlanta Smoke batting - Pitching for Rocky Mountain Nuggets : LHP Ryan Miller
Batting: RHB Leandro Tuzzi 0-0: Called Strike
0-1: Ball
1-1: Foul Ball, location: 2F
1-2: Ball
2-2: Ball
3-2: Fly out, F7 (Flyball, 7M)
Batting: SHB Christian Pitts 0-0: Fly out, F9 (Line Drive, 9M)
Batting: LHB Mike Blue 0-0: Ball
1-0: SINGLE (Line Drive, 8RS)
Batting: RHB Chris Smith 0-0: Swinging Strike
0-1: Fly out, F7 (Flyball, 7D)
Bottom of the 2nd over - 0 run(s), 1 hit(s), 0 error(s), 1 left on base; Rocky Mountain 0 - Atlanta 2
TOP OF THE 3RD
Rocky Mountain Nuggets batting - Pitching for Atlanta Smoke : RHP Christian Pitts
Batting: RHB Mark Melton 0-0: Ball
1-0: Ground out 6-3 (Groundball, 6)
Batting: RHB Ryan Miller 0-0: Swinging Strike
0-1: Ball
1-1: Ball
2-1: Ball
3-1: Foul Ball, location: 2F
3-2: Ground out 1-3 (Groundball, 15)
Batting: RHB Clement Fields 0-0: Ball
1-0: Called Strike
1-1: Ground out 5-3 (Groundball, 5)
Top of the 3rd over - 0 run(s), 0 hit(s), 0 error(s), 0 left on base; Rocky Mountain 0 - Atlanta 2
BOTTOM OF THE 3RD
Atlanta Smoke batting - Pitching for Rocky Mountain Nuggets : LHP Ryan Miller
Batting: RHB Nathan Horton 0-0: Called Strike
0-1: Fly out, F7 (Flyball, 78M)
Batting: LHB Roberto Rodríguez 0-0: Ball
1-0: Fly out, F7 (Flyball, 78D)
Batting: RHB Nate Cates 0-0: Ball
1-0: Ball
2-0: Ball
3-0: Base on Balls
Batting: LHB Armando Esparza 0-0: Ball
1-0: Ground out 3-1 (Groundball, 34)
Bottom of the 3rd over - 0 run(s), 0 hit(s), 0 error(s), 1 left on base; Rocky Mountain 0 - Atlanta 2
TOP OF THE 4TH
Rocky Mountain Nuggets batting - Pitching for Atlanta Smoke : RHP Christian Pitts
Batting: SHB Charles Waller 0-0: Ball
1-0: Ball
2-0: Ball
3-0: Base on Balls
Batting: RHB Juan Ávila 0-0: Ball
1-0: Ball
2-0: Foul Ball, location: 2F
2-1: Ball
3-1: Base on Balls
Charles Waller to second
Batting: RHB David Verhoeve 0-0: Swinging Strike
0-1: Swinging Strike
0-2: Ball
1-2: Ball
2-2: Ball
3-2: Foul Ball, location: 2F
3-2: Base on Balls
Charles Waller to third
Juan Ávila to second
Batting: LHB Alfredo Pérez 0-0: Ball
1-0: Foul Ball, location: 2F
1-1: Foul Ball, location: 2F
1-2: Ball
2-2: Ball
3-2: Ground out U3 (Groundball, 3S)
Charles Waller scores
Juan Ávila to third
David Verhoeve to second
Batting: RHB Charles Jordan 0-0: DOUBLE (Line Drive, 5D)
Juan Ávila scores
David Verhoeve scores
Batting: RHB Luis Miguel Rojas 0-0: Ground out 5-3 (Groundball, 56S)
Charles Jordan to third
Batting: RHB Mark Melton 0-0: Ball
1-0: Foul Ball, location: 2F
1-1: SINGLE (Line Drive, 78M)
Charles Jordan scores
Batting: RHB Ryan Miller 0-0: Called Strike
0-1: Ball
1-1: Ball
2-1: SINGLE (Line Drive, 6MD)
Mark Melton to second
Runner from 2nd tries for 3rd, SAFE, no throw or cutoff
Batting: RHB Clement Fields 0-0: Ball
1-0: Ball
2-0: Called Strike
2-1: Ball
3-1: Base on Balls
Ryan Miller to second
Batting: SHB Charles Waller 0-0: Ball
1-0: Ground out 4-3 (Groundball, 4)
Top of the 4th over - 4 run(s), 3 hit(s), 0 error(s), 3 left on base; Rocky Mountain 4 - Atlanta 2
BOTTOM OF THE 4TH
Atlanta Smoke batting - Pitching for Rocky Mountain Nuggets : LHP Ryan Miller
Batting: RHB Mal Bussard 0-0: Ball
1-0: Ball
2-0: Called Strike
2-1: Ball
3-1: Foul Ball, location: 2F
3-2: SOLO HOME RUN (Flyball, 8LXD), Distance : 446 ft
Batting: RHB Leandro Tuzzi 0-0: Ball
1-0: Ball
2-0: Called Strike
2-1: SOLO HOME RUN (Flyball, 7D), Distance : 413 ft
Pinch Hitting: LHB Cristián Baca 0-0: Called Strike
0-1: Ball
1-1: Called Strike
1-2: TRIPLE (Line Drive, 8RS)
Batting: LHB Mike Blue 0-0: Called Strike
0-1: Ball
1-1: Ball
2-1: Fly out, F7 (Flyball, 7S)
Batting: RHB Chris Smith 0-0: Ball
1-0: Swinging Strike
1-1: Called Strike
1-2: Ball
2-2: Strikes out looking
Pitching: RHP Richard Davis
Batting: RHB Nathan Horton 0-0: Ball
1-0: Swinging Strike
1-1: Foul Ball, location: 2F
1-2: Foul Ball, location: 2F
1-2: Foul Ball, location: 2F
1-2: Fly out, F6 (Popup, 6)
Bottom of the 4th over - 2 run(s), 3 hit(s), 0 error(s), 1 left on base; Rocky Mountain 4 - Atlanta 4
TOP OF THE 5TH
Rocky Mountain Nuggets batting - Pitching for Atlanta Smoke : RHP Christian Pitts
Pitching: RHP Mike Farrell
Batting: RHB Juan Ávila 0-0: Called Strike
0-1: Called Strike
0-2: Ball
1-2: Foul Ball, location: 2F
1-2: Foul Ball, location: 2F
1-2: Foul Ball, location: 2F
1-2: Ball
2-2: Foul Ball, location: 2F
2-2: Foul Ball, location: 2F
2-2: Ball
3-2: Base on Balls
Batting: RHB David Verhoeve 0-0: Fly out, F9 (Flyball, 9LM)
Batting: LHB Alfredo Pérez 0-0: Called Strike
0-1: Called Strike
0-2: Fly out, F9 (Flyball, 89D)
Batting: RHB Charles Jordan 0-0: Called Strike
0-1: Called Strike
0-2: Ball
1-2: Fielders Choice at 2nd, 6-4 (Groundball, 6)
Top of the 5th over - 0 run(s), 0 hit(s), 0 error(s), 0 left on base; Rocky Mountain 4 - Atlanta 4
BOTTOM OF THE 5TH
Atlanta Smoke batting - Pitching for Rocky Mountain Nuggets : RHP Richard Davis
Batting: LHB Roberto Rodríguez 0-0: Fly out, F3 (Line Drive, 3)
Batting: RHB Nate Cates 0-0: Ball
1-0: Swinging Strike
1-1: Ball
2-1: Called Strike
2-2: DOUBLE (Line Drive, 8LXD)
Batting: LHB Armando Esparza 0-0: Ball
1-0: Called Strike
1-1: Foul Ball, location: 2F
1-2: TRIPLE (Line Drive, 7LM)
Nate Cates scores
Batting: RHB Mal Bussard 0-0: Ball
1-0: Foul Ball, location: 2F
1-1: Called Strike
1-2: DOUBLE (Line Drive, 7D)
Armando Esparza scores
Batting: RHB Leandro Tuzzi 0-0: Ball
1-0: Ball
2-0: Ball
3-0: Base on Balls
Pinch Hitting: LHB Rick Harrison 0-0: Called Strike
0-1: Fielders Choice at 2nd, 6-4 (Groundball, 6)
Mal Bussard to third
Pitching: LHP Gary Thomas
Batting: LHB Mike Blue 0-0: Foul Ball, location: 2F
0-1: Ground out U3 (Groundball, 3L)
Bottom of the 5th over - 2 run(s), 3 hit(s), 0 error(s), 2 left on base; Rocky Mountain 4 - Atlanta 6
TOP OF THE 6TH
Rocky Mountain Nuggets batting - Pitching for Atlanta Smoke : RHP Mike Farrell
Pitching: RHP Josef van der Poel
Batting: RHB Luis Miguel Rojas 0-0: Ball
1-0: Called Strike
1-1: Called Strike
1-2: Strikes out swinging
Batting: RHB Mark Melton 0-0: DOUBLE (Line Drive, 9LM) - OUT at third base trying to stretch hit.
Batting: LHB Gary Thomas 0-0: SINGLE (Flyball, 7LS)
Batting: RHB Clement Fields 0-0: Ball
1-0: Ball
2-0: Ball
3-0: Called Strike
3-1: Called Strike
3-2: DOUBLE (Line Drive, 78XD)
Gary Thomas to third
Gary Thomas scores
Batting: SHB Charles Waller 0-0: Ball
1-0: Ball
2-0: Ball
3-0: Called Strike
3-1: Called Strike
3-2: Base on Balls
Batting: RHB Juan Ávila 0-0: Ball
1-0: Ball
2-0: 3-RUN HOME RUN (Flyball, 7D), Distance : 400 ft
Batting: RHB David Verhoeve 0-0: Ball
1-0: Foul Ball, location: 2F
1-1: Foul Ball, location: 2F
1-2: Ball
2-2: Ball
3-2: Base on Balls
Pitching: RHP Fred Pitts
Batting: LHB Alfredo Pérez 0-0: Ball
1-0: Ball
2-0: Ground out U3 (Groundball, 3)
Top of the 6th over - 4 run(s), 4 hit(s), 0 error(s), 1 left on base; Rocky Mountain 8 - Atlanta 6
BOTTOM OF THE 6TH
Atlanta Smoke batting - Pitching for Rocky Mountain Nuggets : LHP Gary Thomas
Batting: RHB Chris Smith 0-0: Called Strike
0-1: Foul Ball, location: 2F
0-2: Foul Ball, location: 2F
0-2: Ball
1-2: Strikes out swinging
Batting: RHB Nathan Horton 0-0: Called Strike
0-1: Swinging Strike
0-2: Foul Ball, location: 2F
0-2: Foul Ball, location: 2F
0-2: Ball
1-2: Ball
2-2: Ground out 1-3 (Groundball, 23)
Batting: LHB Roberto Rodríguez 0-0: Foul Ball, location: 2F
0-1: Ball
1-1: Called Strike
1-2: Strikes out swinging
Bottom of the 6th over - 0 run(s), 0 hit(s), 0 error(s), 0 left on base; Rocky Mountain 8 - Atlanta 6
TOP OF THE 7TH
Rocky Mountain Nuggets batting - Pitching for Atlanta Smoke : RHP Fred Pitts
Batting: RHB Charles Jordan 0-0: Ball
1-0: Swinging Strike
1-1: Called Strike
1-2: Strikes out swinging
Batting: RHB Luis Miguel Rojas 0-0: Ground out 5-3 (Groundball, 5S)
Batting: RHB Mark Melton 0-0: Ball
1-0: Called Strike
1-1: SINGLE (Groundball, 6)
Batting: LHB Gary Thomas 0-0: Ball
1-0: SINGLE (Groundball, 34D)
Mark Melton to second
Throwing error, E9
Mark Melton scores
Gary Thomas to second
Batting: RHB Clement Fields 0-0: Called Strike
0-1: Swinging Strike
0-2: Ball
1-2: Foul Ball, location: 2F
1-2: Ball
2-2: Foul Ball, location: 2F
2-2: Strikes out looking
Top of the 7th over - 1 run(s), 2 hit(s), 1 error(s), 1 left on base; Rocky Mountain 9 - Atlanta 6
BOTTOM OF THE 7TH
Atlanta Smoke batting - Pitching for Rocky Mountain Nuggets : LHP Gary Thomas
Batting: RHB Nate Cates 0-0: Swinging Strike
0-1: Ball
1-1: Ball
2-1: Ball
3-1: Base on Balls
Batting: LHB Armando Esparza 0-0: SINGLE (Groundball, 4MD)
Nate Cates to second
Batting: RHB Mal Bussard 0-0: Ball
1-0: SINGLE (Flyball, 89S)
Nate Cates to third
Armando Esparza to second
Batting: RHB Leandro Tuzzi 0-0: Ball
1-0: Called Strike
1-1: Ball
2-1: Ball
3-1: Base on Balls
Nate Cates scores
Armando Esparza to third
Mal Bussard to second
Pinch Hitting: RHB Francisco Gonzáles 0-0: Ball
1-0: Ball
2-0: Swinging Strike
2-1: Called Strike
2-2: Foul Ball, location: 2F
2-2: Ball
3-2: Base on Balls
Armando Esparza scores
Mal Bussard to third
Leandro Tuzzi to second
Batting: LHB Mike Blue 0-0: Swinging Strike
0-1: Ball
1-1: Grounds into fielders choice 4-2 (Groundball, 4MD)
Leandro Tuzzi to third
Francisco Gonzáles to second
Batting: RHB Chris Smith 0-0: Ball
1-0: Foul Ball, location: 2F
1-1: Called Strike
1-2: Ball
2-2: Foul Ball, location: 2F
2-2: Ball
3-2: Foul Ball, location: 2F
3-2: Base on Balls
Leandro Tuzzi scores
Francisco Gonzáles to third
Mike Blue to second
Batting: RHB Nathan Horton 0-0: Ball
1-0: Swinging Strike
1-1: Foul Ball, location: 2F
1-2: GRAND SLAM HOME RUN (Flyball, 7LD), Distance : 354 ft
Batting: LHB Roberto Rodríguez 0-0: Ball
1-0: Called Strike
1-1: SINGLE (Line Drive, 9S)
Batting: RHB Nate Cates 0-0: Ball
1-0: 2-RUN HOME RUN (Flyball, 7D), Distance : 401 ft
Batting: LHB Armando Esparza 0-0: Foul Ball, location: 2F
0-1: Ball
1-1: Ball
2-1: Foul Ball, location: 2F
2-2: Ball
3-2: Base on Balls
Pitching: RHP Harold Coffman
Batting: RHB Mal Bussard 0-0: Ball
1-0: Ball
2-0: Ball
3-0: Called Strike
3-1: Called Strike
3-2: Base on Balls
Armando Esparza to second
Batting: RHB Leandro Tuzzi 0-0: Ball
Balk!
Armando Esparza to third
Mal Bussard to second
1-0: Called Strike
1-1: Fly out, F3 (Line Drive, 3S)
Batting: RHB Francisco Gonzáles 0-0: Called Strike
0-1: Ball
1-1: Swinging Strike
1-2: Ball
2-2: SINGLE (Line Drive, 8LS)
Armando Esparza scores
Mal Bussard to third
Runner from 3rd tries for Home, SAFE, throw made home
Batting: LHB Mike Blue 0-0: Fly out, F6 (Popup, 6MD)
Bottom of the 7th over - 11 run(s), 6 hit(s), 0 error(s), 1 left on base; Rocky Mountain 9 - Atlanta 17
TOP OF THE 8TH
Rocky Mountain Nuggets batting - Pitching for Atlanta Smoke : RHP Fred Pitts
Pitching: LHP Randy Hoffman
Now at 2B: Stan Hughes
Batting: SHB Charles Waller 0-0: Called Strike
0-1: Foul Ball, location: 2F
0-2: Ball
1-2: Ball
2-2: Ground out 5-3 (Groundball, 56)
Batting: RHB Juan Ávila 0-0: Ball
1-0: Fly out, F3 (Popup, 3F)
Batting: RHB David Verhoeve 0-0: Called Strike
0-1: Called Strike
0-2: Strikes out swinging
Top of the 8th over - 0 run(s), 0 hit(s), 0 error(s), 0 left on base; Rocky Mountain 9 - Atlanta 17
BOTTOM OF THE 8TH
Atlanta Smoke batting - Pitching for Rocky Mountain Nuggets : RHP Harold Coffman
Batting: RHB Chris Smith 0-0: Foul Ball, location: 2F
0-1: Ball
1-1: Swinging Strike
1-2: Ball
2-2: Foul Ball, location: 2F
2-2: Ball
3-2: Fly out, F8 (Flyball, 8RM)
Batting: RHB Stan Hughes 0-0: Called Strike
0-1: SINGLE (Line Drive, 7LS)
Batting: LHB Roberto Rodríguez 0-0: Foul Ball, location: 2F
0-1: Ball
1-1: DOUBLE (Flyball, 78XD)
Stan Hughes to third
Batting: RHB Nate Cates 0-0: Foul Ball, location: 2F
0-1: Fly out, F8 (Flyball, 78XD)
Runner from 3rd tags up, SCORES, no throw
Roberto Rodríguez to third
Batting: LHB Armando Esparza 0-0: Ball
1-0: Called Strike
1-1: Fly out, F7 (Flyball, 7D)
Bottom of the 8th over - 1 run(s), 2 hit(s), 0 error(s), 1 left on base; Rocky Mountain 9 - Atlanta 18
TOP OF THE 9TH
Rocky Mountain Nuggets batting - Pitching for Atlanta Smoke : LHP Randy Hoffman
Pitching: RHP Calvin McVurie
Batting: LHB Alfredo Pérez 0-0: Called Strike
0-1: Fly out, F4 (Popup, 8RS)
Batting: RHB Charles Jordan 0-0: Swinging Strike
0-1: Foul Ball, location: 2F
0-2: Foul Ball, location: 2F
0-2: Ball
1-2: Foul Ball, location: 2F
1-2: Fly out, F9 (Flyball, 9M)
Batting: RHB Luis Miguel Rojas 0-0: Ball
1-0: Ground out 5-3 (Groundball, 5)
Top of the 9th over - 0 run(s), 0 hit(s), 0 error(s), 0 left on base; Rocky Mountain 9 - Atlanta 18
This league is powered by Out of the Park Baseball, the baseball management simulation game for PC, Mac and Linux
Monday, May 4th, 2015 - OOTP Baseball 15.6 Build 34